 Dungeon Crawl Stone Soup version 0.23.2 (webtiles) character file.

Game seed: 6933361869917373750

376 Marnok the Slasher (level 7, 0/53 HPs)
             Began as a Human Fighter on Apr 7, 2019.
             Succumbed to a killer bee's poison
             ... on level 5 of the Dungeon.
             The game lasted 00:14:20 (4394 turns).

Marnok the Slasher (Human Fighter)                  Turns: 4394, Time: 00:14:21

Health: 0/53       AC:  9    Str: 16 (17) XL:     7   Next: 3%
Magic:  8/9        EV: 13    Int: 13      God:
Gold:   281        SH:  9    Dex: 19      Spells: 7/8 levels left

rFire    . . .     SeeInvis .   a - +2 long sword
rCold    . . .     Gourm    .   c - +0 shield
rNeg     . . .     Faith    .   b - +0 scale mail
rPois    .         Spirit   .   w - +0 helmet
rElec    .         Reflect  .   (no cloak)
rCorr    .         Harm     .   o - +0 pair of gloves
MR       .....                  (no boots)
Stlth    +.........             r - amulet of the acrobat
HPRegen  0.17/turn              n - ring of wizardry
MPRegen  0.11/turn              l - ring of wizardry

@: brilliant, agile, lethally poisoned (0 -> -1)
A: no striking features
a: no special abilities


You were on level 5 of the Dungeon.
You were very hungry.

You visited 1 branch of the dungeon, and saw 5 of its levels.

You collected 281 gold pieces.

Inventory:

Hand Weapons
 a - a +2 long sword (weapon)
Missiles
 i - 8 steel javelins (quivered)
 t - 50 stones
Armour
 b - a +0 scale mail (worn)
 c - a +0 shield (worn)
 o - a +0 pair of gloves (worn)
 w - a +0 helmet (worn)
Jewellery
 j - an uncursed amulet of magic regeneration
 l - a ring of wizardry (right hand)
 m - an uncursed ring of ice
 n - a ring of wizardry (left hand)
 r - an amulet of the acrobat (around neck)
 x - an uncursed ring of see invisible {unknown}
Wands
 s - a wand of acid (8)
Scrolls
 e - 2 scrolls of blinking
 g - 3 scrolls of remove curse
 h - 4 scrolls of random uselessness
 p - 2 scrolls of noise
Potions
 q - 2 potions of brilliance
Comestibles
 f - 9 rations


   Skills:
 + Level 3.9 Fighting
 + Level 4.2 Long Blades
 + Level 4.0 Armour
 + Level 1.7 Dodging
 + Level 0.3 Stealth
 + Level 3.7 Shields
 + Level 1.3 Spellcasting
 + Level 1.1 Transmutations


You had 7 spell levels left.
You knew the following spells:

 Your Spells              Type           Power        Failure   Level  Hunger
a - Beastly Appendage     Tmut           ##....       26%         1    ##.....

Your spell library contained the following spells:

 Spells                   Type           Power        Failure   Level  Hunger
 Sticks to Snakes         Tmut           ##......     34%         2    ###....
 Spider Form              Tmut/Pois      ##........   63%         3    ####...
 Ice Form                 Ice/Tmut       ##......     92%         4    #####..
 Blade Hands              Tmut           ##........   99%         5    ######.


Dungeon Overview and Level Annotations

Branches:
Dungeon (5/15)
 Temple: D:4-7

Altars:
Fedhas
Kikubaaqudgha

Shops:
D:5 *


Message History

* * * LOW HITPOINT WARNING * * *
You feel sick.
* * * LOW HITPOINT WARNING * * *
You feel sick.
You feel clever all of a sudden.
You feel agile all of a sudden.
As you read the scroll of identify, it crumbles to dust.
e - 2 scrolls of blinking
* * * LOW HITPOINT WARNING * * *
You feel sick.
You hit the quokka skeleton.
The quokka skeleton is severely damaged.
The quokka skeleton bites you but does no damage.
Your magical contamination has completely faded away.
You barely miss the quokka skeleton.
The quokka skeleton is severely damaged.
The quokka skeleton closely misses you.
You hit the quokka skeleton.
You destroy the quokka skeleton!
You die...

#...#### ...#. #.
....###..... #.#
...#.......
#..##..#..#...
#............
#=........# .
#[.......##....
##..@................
#...###...............
#.....?.......##......
#...#..........#.......
#......_.....###.......
# #.........###........
###.......###........
.......#.......##..#.
......####.....##..#.


There were no monsters in sight!

Vanquished Creatures
  A scorpion (D:4)
  A killer bee (D:5)
  A hound (D:4)
  A centaur skeleton (D:4)
  A bullfrog skeleton (D:5)
  A worker ant (D:4)
  Robin (D:4)
  3 adders
  An ooze (D:3)
  An adder skeleton (D:4)
  5 dart slugs
  4 leopard geckos
  2 orcs
  2 ball pythons
  8 giant cockroaches
  16 goblins
  5 hobgoblins
  14 jackals
  A quokka (D:3)
  7 bats
  13 frilled lizards
  5 kobolds
  2 quokka skeletons
  9 rats
105 creatures vanquished.

Vanquished Creatures (others)
  4 toadstools (D:1)
4 creatures vanquished.

Grand Total: 109 creatures vanquished

Notes
Turn   | Place    | Note
-------+----------+-------------------------------------------
     0 | D:1      | Marnok the Human Fighter began the quest for the Orb.
     0 | D:1      | Reached XP level 1. HP: 18/18 MP: 1/1
    35 | D:1      | Reached XP level 2. HP: 15/24 MP: 2/2
   592 | D:1      | Reached XP level 3. HP: 28/29 MP: 3/3
  1763 | D:2      | Reached XP level 4. HP: 31/35 MP: 4/4
  1782 | D:2      | Reached skill level 1 in Dodging
  2585 | D:3      | Reached XP level 5. HP: 41/41 MP: 5/5
  2618 | D:3      | Learned a level 1 spell: Beastly Appendage
  3213 | D:4      | Reached skill level 1 in Spellcasting
  3213 | D:4      | Reached XP level 6. HP: 40/47 MP: 7/7
  3231 | D:4      | Noticed Robin
  3243 | D:4      | Killed Robin
  3439 | D:4      | Reached skill level 1 in Transmutations
  3603 | D:4      | Found an ancient bone altar of Kikubaaqudgha.
  4018 | D:5      | Entered Level 5 of the Dungeon
  4031 | D:5      | Found a blossoming altar of Fedhas.
  4042 | D:5      | Found Pocwout's Assorted Antiques.
  4369 | D:5      | Reached XP level 7. HP: 36/53 MP: 8/8
  4386 | D:5      | HP: 2/53 [poisoned by a killer bee]
  4391 | D:5      | HP: 1/53 [poisoned by a killer bee]
  4394 | D:5      | Succumbed to a killer bee's poison

Skill      XL: |  1  2  3  4  5  6 |
---------------+-------------------+-----
Dodging        | 1 |  1.7
Long Blades    | 3 4 |  4.2
Spellcasting   | 1 |  1.3
Armour         | 4 |  4.0
Transmutations | 1 |  1.1
Fighting       | |  3.9
Stealth        | |  0.3
Shields        | |  3.7

Action                   |  1- 3 |  4- 6 |  7- 9 || total
-------------------------+-------+-------+-------++-------
Melee: Long sword        |   119 |   215 |    10 ||   344
       Kick              |       |     1 |       ||     1
 Cast: Beastly Appendage |       |    14 |     1 ||    15
  Use: Potion            |     1 |     6 |     3 ||    10
       Scroll            |       |     9 |     2 ||    11
  Eat: Chunk             |     3 |    10 |       ||    13
Armor: Scale mail        |    77 |   116 |     9 ||   202
Dodge: Dodged            |    49 |   114 |    10 ||   173
Block: Shield            |    65 |   141 |     8 ||   214
       Rpst.: Long sword |    13 |    35 |     2 ||    50
